Selects Battlefield Espionage Battlegroup
Selects Sector Subterfuge Beacon
Construct Light Support Kompanie
le.IG 18 Mechanized Group
Construct Panzerarmee Kommand
Walking Stuka Rocket Launcher
Flak 36 Anti-tank Gun Team
Pak 38 Anti-tank Gun Team
Selects 250/3 Funkpanzerwagen
Selects Anti-Tank Incendiary Munitions
Selects 250/3 Funkpanzerwagen
Selects Anti-Tank Incendiary Munitions
Selects Operation Skorpion